 Dungeon Crawl Stone Soup version 0.22-a0-135-g6f012ad (webtiles) character file.

3082 sankara the Cleaver (level 9, -1/81 HPs)
             Began as a Deep Dwarf Fighter on Feb 1, 2018.
             Was a Believer of Makhleb.
             Slain by a two-headed ogre
             ... wielding a +0 giant club
              (19 damage)
             ... on level 8 of the Dungeon.
             The game lasted 00:40:30 (5924 turns).

sankara the Cleaver (Deep Dwarf Fighter)            Turns: 5924, Time: 00:40:30

Health: -1/81      AC:  9    Str: 19    XL:     9   Next: 58%
Magic:  10/10      EV: 10    Int: 10    God:    Makhleb [**....]
Gold:   298        SH: 11    Dex: 16    Spells: 8/8 levels left

rFire    . . .     SeeInvis .   a - +0 war axe
rCold    . . .     Gourm    .   c - +1 shield
rNeg     + . .     Faith    .   k - +2 scale mail {rN+}
rPois    .         Spirit   .   (helmet restricted)
rElec    .         Reflect  .   (no cloak)
rCorr    .         Harm     .   (no gloves)
MR       +....                  (no boots)
Stlth    ..........             (no amulet)
HPRegen  0.00/turn              n - +3 ring of dexterity
MPRegen  0.12/turn              (no ring)

@: non-regenerating
A: damage resistance, heal wounds, hooves 1, horns 1, clumsy 1, sense
surroundings 2, no regeneration
a: Heal Wounds, Minor Destruction, Renounce Religion


You were on level 8 of the Dungeon.
You worshipped Makhleb.
Makhleb was pleased with you.
You were not hungry.

You visited 2 branches of the dungeon, and saw 9 of its levels.

You collected 298 gold pieces.

Inventory:

Hand Weapons
 a - a +0 war axe (weapon)
Missiles
 h - 208 stones
 l - 2 tomahawks (quivered)
 s - 43 poisoned needles
 u - a poisoned tomahawk
 x - 11 sling bullets
Armour
 c - a +1 shield (worn)
 e - a +0 helmet
 k - a +2 scale mail of positive energy (worn)
 o - a +0 chain mail
Jewellery
 n - a +3 ring of dexterity (left hand)
 A - an uncursed amulet of magic regeneration
Wands
 q - a wand of polymorph (8)
Scrolls
 d - a scroll of fear
 g - 3 scrolls of teleportation
 i - a scroll of immolation
 m - 6 scrolls of identify
 r - 2 scrolls of remove curse
 t - a scroll of enchant weapon {unknown}
 v - 2 scrolls of blinking
 y - a scroll of random uselessness {unknown}
Potions
 b - a potion of agility
 j - 2 potions of lignification
 B - a potion of brilliance
Comestibles
 f - 9 rations
 w - 2 chunks of flesh


   Skills:
 - Level 5.0 Fighting
 * Level 10.3 Axes
 + Level 2.8 Throwing
 - Level 5.6 Armour
 - Level 4.0 Dodging
 + Level 1.5 Stealth
 - Level 6.0 Shields
 + Level 2.8 Invocations


You had 8 spell levels left.
You didn't know any spells.

Dungeon Overview and Level Annotations

Branches:
Dungeon (8/15)             Temple (1/1) D:5
   Lair: D:8-11

Altars:
Cheibriados
Dithmenos
Elyvilon
Fedhas
Gozag
Kikubaaqudgha
Makhleb
Nemelex Xobeh
Okawaru
Qazlal
Ru
Sif Muna
Uskayaw
Vehumet
Xom
Yredelemnul


Innate Abilities, Weirdness & Mutations

You are resistant to damage.
You can heal yourself by infusing magical energy.
You passively map the area around you.
You do not regenerate.
You have large cloven feet.
You have a pair of small horns on your head.
You are clumsy. (Dex -2)


Message History

You block the water moccasin zombie's attack.
Throwing (i - inventory. (/) - cycle)
l - 4 tomahawks (quivered)
Press: ? - help, Shift-Dir - straight line, f/p - two-headed ogre
Aim: a two-headed ogre, wielding two giant clubs (severely wounded)
You throw a tomahawk.
The tomahawk barely misses the water moccasin zombie.
The tomahawk hits the two-headed ogre.
The two-headed ogre is severely wounded.
The water moccasin zombie barely misses you.
The water moccasin zombie bites you but does no damage.
Throwing (i - inventory. (/) - cycle)
l - 3 tomahawks (quivered)
Press: ? - help, Shift-Dir - straight line, f/p - two-headed ogre
Aim: a two-headed ogre, wielding two giant clubs (severely wounded)
You throw a tomahawk.
The tomahawk hits the water moccasin zombie.
You destroy the water moccasin zombie!
Makhleb accepts your kill.
You feel better.
The two-headed ogre hits you with a giant club!!
You die...

#.....######.......,,
#.....#....((......,,
, #................ ,
#.....#.....(.#
#<......##.((.# ,
#......###)...# * ,
,,, ######.#
#....##... , *
###...###)........,
#..)##.@O(####..## *,
#......#### .##*
#...#### , ,., *
##### *, . , *, ,, .#
* , , , * , ,,


You could see a two-headed ogre.

Vanquished Creatures
  Prince Ribbit (D:5)
  Eustachio (D:5)
  Menkaure (D:5)
  Edmund (D:5)
  A water moccasin (D:3)
  An orc warrior (D:7)
  A black bear (D:8)
  2 phantoms
  A sky beast (D:7)
  An ogre (D:7)
  3 centaurs
  A bullfrog (D:6)
  A water moccasin zombie (D:8)
  A scorpion (D:4)
  4 vampire bats (D:5)
  A howler monkey (D:5)
  3 crimson imps
  A bullfrog zombie (D:5)
  A jelly (D:6)
  A centaur skeleton (D:8)
  A hound (D:4)
  An orc priest (D:7)
  9 orc wizards
  4 iguanas
  Ijyb (D:5)
  10 worker ants
  A hound skeleton (D:4)
  2 worker ant zombies
  12 gnolls
  5 adders
  A shadow imp (D:5)
  2 oozes
  An adder skeleton (D:6)
  5 worms
  2 dart slugs
  9 leopard geckos
  44 orcs
  7 giant cockroaches
  12 goblins
  8 hobgoblins
  11 jackals
  9 kobolds
  2 quokkas
  2 ball pythons
  10 bats
  4 frilled lizards
  2 jackal zombies
  10 rats
215 creatures vanquished.

Notes
Turn   | Place    | Note
-------+----------+-------------------------------------------
     0 | D:1      | sankara the Deep Dwarf Fighter began the quest for the Orb.
     0 | D:1      | Reached XP level 1. HP: 20/20 MP: 1/1
   208 | D:1      | Reached XP level 2. HP: 25/27 MP: 2/2
   230 | D:1      | Reached skill level 3 in Axes
   768 | D:1      | Reached XP level 3. HP: 27/34 MP: 3/3
   886 | D:2      | Found a sacrificial altar of Ru.
   895 | D:2      | Reached skill level 4 in Axes
   895 | D:2      | Reached XP level 4. HP: 32/42 MP: 4/4
  1040 | D:2      | Noticed a phantom
  1076 | D:2      | Killed a phantom
  1076 | D:2      | Reached skill level 5 in Axes
  1076 | D:2      | Reached XP level 5. HP: 31/50 MP: 5/5
  1341 | D:3      | Noticed a water moccasin
  1349 | D:3      | Killed a water moccasin
  1349 | D:3      | Reached skill level 6 in Axes
  1349 | D:3      | Reached XP level 6. HP: 22/57 MP: 6/6
  1469 | D:3      | Found a basalt altar of Yredelemnul.
  1593 | D:3      | Gained mutation: You have large cloven feet. [potion of mutation]
  1593 | D:3      | Gained mutation: You are clumsy. (Dex -2) [potion of mutation]
  1593 | D:3      | Gained mutation: You have a pair of small horns on your head. [potion of mutation]
  1642 | D:3      | Found a radiant altar of Vehumet.
  2029 | D:4      | Reached XP level 7. HP: 25/66 MP: 7/7
  2264 | D:4      | Reached skill level 7 in Axes
  3139 | D:5      | Entered Level 5 of the Dungeon
  3139 | D:5      | Noticed Prince Ribbit
  3189 | D:5      | Reached skill level 1 in Dodging
  3280 | D:5      | Noticed Edmund
  3286 | D:5      | Killed Edmund
  3286 | D:5      | Reached skill level 5 in Fighting
  3325 | D:5      | Reached XP level 8. HP: 16/74 MP: 7/7
  3464 | D:5      | Killed Prince Ribbit
  3464 | D:5      | Reached skill level 8 in Axes
  3464 | D:5      | Reached skill level 5 in Shields
  3468 | D:5      | Reached skill level 5 in Armour
  3470 | D:5      | Noticed Eustachio
  3481 | D:5      | Killed Eustachio
  3488 | D:5      | Noticed Menkaure
  3495 | D:5      | Killed Menkaure
  3518 | D:5      | Found a staircase to the Ecumenical Temple.
  3523 | Temple   | Entered the Ecumenical Temple
  3548 | Temple   | Became a worshipper of Makhleb the Destroyer
  3577 | D:5      | Noticed Ijyb
  3614 | D:5      | Killed Ijyb
  3692 | D:5      | Found a shadowy altar of Dithmenos.
  3877 | D:5      | Found a snail-covered altar of Cheibriados.
  4185 | D:5      | Reached * piety under Makhleb
  4185 | D:5      | Reached skill level 9 in Axes
  4252 | D:5      | Gained mutation: You passively map the area around you. [Deep Dwarf growth]
  4252 | D:5      | Reached XP level 9. HP: 20/81 MP: 8/8
  4479 | D:6      | Reached skill level 1 in Throwing
  4828 | D:6      | Found a basalt altar of Yredelemnul.
  4875 | D:7      | Found an iron altar of Okawaru.
  5059 | D:7      | Reached ** piety under Makhleb
  5148 | D:7      | Reached skill level 1 in Invocations
  5433 | D:7      | Reached skill level 10 in Axes
  5662 | D:7      | Found a shimmering altar of Xom.
  5879 | D:8      | Reached skill level 1 in Stealth
  5902 | D:8      | Noticed a two-headed ogre
  5924 | D:8      | Slain by a two-headed ogre

Vault maps used:
D:1:      minmay_arrival_radiant_lines
D:2:      nicolae_ru_great_annihilating_truth
D:3:      yredelemnul_altar_generic, lemuel_crystal_altar,
          grunt_decor_mini_mirrors
D:4:      cheibrodos_greedy_goblins, minmay_tree_intersection, minmay_bisected
D:5:      nicolae_dithmenos_the_darkroom, temple_doors_e, first_ration,
          roderic_batcave, cheibrodos_worm_habitat, uniq_ijyb, uniq_eustachio,
          uniq_prince_ribbit1, uniq_menkaure, uniq_edmund
D:6:      basic_altar
D:7:      nicolae_overflow_hidden_temple, kennysheep_mini_moat
D:8:      lemuel_doored_altar
Temple:   eino_wide_crystal_templ

Skill      XL: |  1  2  3  4  5  6  7  8  9 |
---------------+----------------------------+-----
Axes           | 3 4 5 6 7 9 10 | 10.3
Fighting       | 3 4 5 |  5.0
Armour         | 4 5 |  5.6
Shields        | 4 5 6 |  6.0
Dodging        | 1 3 4 |  4.0
Throwing       | 2 |  2.8
Invocations    | 2 |  2.8
Stealth        | 1 |  1.5

Action                   |  1- 3 |  4- 6 |  7- 9 || total
-------------------------+-------+-------+-------++-------
Melee: War axe           |    92 |   110 |   345 ||   547
       Headbutt          |       |     7 |    69 ||    76
       Kick              |       |     4 |   108 ||   112
Throw: Stone             |       |    21 |    13 ||    34
       Tomahawk          |       |       |    79 ||    79
       Javelin           |       |       |     7 ||     7
 Abil: Heal Wounds       |       |     1 |     7 ||     8
Evoke: Wand              |       |       |     2 ||     2
  Use: Potion            |       |     5 |     6 ||    11
       Scroll            |       |       |    11 ||    11
 Stab: Paralysed         |       |     1 |       ||     1
       Invisible         |       |     1 |     3 ||     4
  Eat: Chunk             |       |     4 |    13 ||    17
Armor: Scale mail        |    39 |    13 |    83 ||   135
       Skin              |       |     5 |       ||     5
       Chain mail        |       |    14 |    48 ||    62
Dodge: Dodged            |    22 |    23 |   120 ||   165
Block: Shield            |    60 |    45 |   191 ||   296

Table legend:
 A = Spawn XP
 B = Non-spawn XP
 C = Spawn XP percentage of total XP
 D = Spawn monster count
 E = Non-spawn monster count
 F = Spawn count percentage of total count
 G = Total turns spent on level
                    A         B        C        D         E        F      G
               +---------+---------+-------+---------+---------+-------+---------
         Total |       0 |    4404 |   0.0 |       0 |     215 |   0.0 |  5924
               +---------+---------+-------+---------+---------+-------+---------
           D:1 |       0 |      52 |   0.0 |       0 |      22 |   0.0 |   805
           D:2 |       0 |     185 |   0.0 |       0 |      15 |   0.0 |   447
           D:3 |       0 |     263 |   0.0 |       0 |      27 |   0.0 |   647
           D:4 |       0 |     651 |   0.0 |       0 |      38 |   0.0 |  1342
           D:5 |       0 |    1635 |   0.0 |       0 |      56 |   0.0 |   947
           D:6 |       0 |     405 |   0.0 |       0 |      23 |   0.0 |   642
           D:7 |       0 |     885 |   0.0 |       0 |      25 |   0.0 |   952
           D:8 |       0 |     328 |   0.0 |       0 |       9 |   0.0 |    97
               +---------+---------+-------+---------+---------+-------+---------
